 Dungeon Crawl Stone Soup version 0.32-a0-481-g9ce6b883f8 (webtiles) character file.

Game seed: 3860689428068009591

9 GordonOverkill the Sneak (level 2, -5/16 HPs)
             Began as a Spriggan Delver on Feb 26, 2024.
             Was an Initiate of Vehumet.
             Shot with an arrow by a centaur (10 damage)
             ... on level 5 of the Dungeon.
             The game lasted 00:01:24 (342 turns).

GordonOverkill the Sneak (Spriggan Delver)           Turns: 342, Time: 00:01:25

Health: -5/16      AC:  2    Str:  8    XL:     2   Next: 3%
Magic:  3/3        EV: 17    Int: 11    God:    Vehumet [......]
Gold:   28         SH:  0    Dex: 16    Spells: 1/1 levels left

rFire   . . .        a - +0 short sword
rCold   . . .        (no shield)
rNeg    . . .        b - +0 robe
rPois   .            (helmet restricted)
rElec   .            (no cloak)
rCorr   .            (gloves unavailable)
SInv    +            (boots unavailable)
Will    .....        (no amulet)
Stlth   ++++         (no ring)
HPRegen 0.22/turn    (no ring)
MPRegen 0.08/turn

%: no passive effects
@: marked, very quick
A: very small, no large weapons, unfitting armour, see invisible, speed 3
a: Renounce Religion


You were on level 5 of the Dungeon.
You worshipped Vehumet.
Vehumet was noncommittal.
You visited 2 branches of the dungeon, and saw 3 of its levels.

You collected 28 gold pieces.

Inventory:

Hand Weapons
 a - a +0 short sword (weapon)
Armour
 b - a +0 robe (worn)
Wands
 g - a wand of digging (3)
Scrolls
 c - a scroll of fog
 d - a scroll of revelation
 e - a scroll of fear
 h - a scroll of enchant weapon {unknown}
 i - a scroll of identify {unknown}
Potions
 f - a potion of haste
 j - 2 potions of brilliance {unknown}


   Skills:
 - Level 3.0 Fighting
 - Level 2.1 Short Blades
 - Level 2.6 Dodging
 - Level 7.2 Stealth
 + Level 0.0 Spellcasting


You had one spell level left.
You didn't know any spells.
Your spell library was empty.

Dungeon Overview and Level Annotations

Branches:
Dungeon (6/15)             Temple (1/1) D:5

Altars:
Ashenzari
Dithmenos
Elyvilon
Fedhas
Gozag
Kikubaaqudgha
Makhleb
Okawaru
Qazlal
Ru
Sif Muna
Trog
Uskayaw
Vehumet
Wu Jian
Xom
Zin
The Shining One

Annotations:
D:5 Menkaure
D:6 Pikel


Innate Abilities, Weirdness & Mutations

You are very small and have problems with some larger weapons.
You are too small for most types of armour.
You have supernaturally acute eyesight. (SInv)
You cover ground extremely quickly. (Speed+++)


Message History

You have reached level 2!
j - 2 murky puce potions An iguana comes into view.
The iguana hisses angrily.
An iguana is nearby!
An iguana is nearby!
An iguana is nearby!
An iguana is nearby!
An orc wizard comes into view. It is wielding a +0 dagger.
The orc wizard moves out of view.
An orc comes into view. It is wielding a +0 short sword.
An orc comes into view. It is wielding a +0 club.
An orc priest comes into view. It is wielding a +0 club.
A bullfrog comes into view.
The bullfrog gives a loud, deep croak!
You hear an angry hiss.
A malevolent force fills the Dungeon...
With a horrendous wail, an alarm goes off!
A sentinel's mark forms upon you.
You hear an angry hiss.
You hear a shout! x8; You hear an angry hiss.
Found a stone staircase leading up.
An adder comes into view.
Found a potion of haste.
Found a scroll labelled WOGANN PYLAXEU.
A jelly comes into view.
The orc wizard gestures wildly while chanting.
The orc wizard flickers and vanishes for a moment.
The orc priest mumbles some strange prayers to Beogh against you.
Beogh smites you!
Ouch! That really hurt!
* * * LOW HITPOINT WARNING * * *
The adder closely misses you.
A centaur comes into view.
The adder misses you.
The centaur wields a +0 orcbow.
The centaur shoots an arrow.
The arrow closely misses you.
Menkaure and an orc come into view.
The adder barely misses you. The adder attacks as it pursues you!
The adder closely misses you.
The centaur shoots an arrow.
The arrow hits you!
Ouch! That really hurt!
You die...

....~..~~...... ...o
oJ?.......~~~......
...
#o......M.~~~~..o#
...
#.o..<.........c. .o
#..... #.......####
.. #.....
#.......... .#
##.....####.....####
.#
...........S@!.....#
###### .#
######....####..#.#
#..... .#######
#....#
#...#####.....
.##..... #l#### #...
........
.##....F###..#
#...###.....^
.##......###.#####
#.#.ß.#......
.##..#.#l#.#l#.#.#
#............
.##...#.#.#.#.#.#
#.ß.>.ß...... .#
##.#.#l#.#.#
#.......#.#.#


You could see Menkaure, a centaur, an iguana, an adder and an orc.

Vanquished Creatures
  An adder (D:5)
1 creature vanquished.

Notes
Turn   | Place    | Note
-------+----------+-------------------------------------------
     0 | D:5      | GordonOverkill the Spriggan Delver began the quest for the
                  | Orb.
     0 | D:5      | Reached XP level 1. HP: 11/11 MP: 2/2
     4 | Temple   | Entered the Ecumenical Temple
    19 | Temple   | Became a worshipper of Vehumet
    43 | D:6      | Noticed a lemure
   168 | D:6      | Noticed Pikel
   168 | D:6      | Noticed a lemure
   259 | D:5      | Reached XP level 2. HP: 16/16 MP: 3/3
   326 | D:5      | Noticed a bullfrog
   340 | D:5      | Noticed a centaur
   341 | D:5      | Noticed Menkaure
   342 | D:5      | Shot with an arrow by a centaur

Illustrated notes

Levels and vault maps discovered:
D:5:      layout_basic, minmay_temple_entry_statues_pillars, minivault_23,
          chequers_serial_rivers_micro_c, uniq_menkaure
D:6:      layout_layer_cave, serial_shops, nicolae_shop_peninsula, uniq_pikel
Temple:   eino_narrow_crystal_temple

Skill      XL: |  1 |
---------------+----+-----
Fighting       | 3 |  3.0
Short Blades   | |  2.1
Dodging        | |  2.6
Stealth        | |  7.2

Action                     || total
---------------------------++-------
  Melee: Short sword       ||     1
   Stab: Sleeping          ||     1
 Armour: Robe              ||     1
  Dodge: Dodged            ||     5

Table legend: (Time is in decaauts)
 A = Elapsed time spent in this place.
 B = Non-inter-level travel time spent in this place.
 C = Inter-level travel time spent in this place.
 D = Time resting spent in this place.
 E = Time spent auto-exploring this place.
 F = Levels seen in this place.
 G = Mean time per level.
                   A        B        C        D        E       F      G
               +--------+--------+--------+--------+--------+-----+--------+
         Total |    210 |    194 |     16 |      0 |     92 |   3 |   70.0 |
       Dungeon |    191 |    191 |      0 |      0 |     92 |   2 |   95.5 |
        Temple |     19 |      3 |     16 |      0 |      0 |   1 |   19.0 |
               +--------+--------+--------+--------+--------+-----+--------+

Top non-repeatable levels by time:
     D:5: 105 daAuts
     D:6: 85 daAuts
  Temple: 19 daAuts
